 Dungeon Crawl Stone Soup version 0.28-a0-474-g535839065c (webtiles) character file.

Game seed: 8610394789210745625

9 frimble the Grasshopper (level 2, -3/19 HPs)
             Began as an Octopode Warper on Sept 16, 2021.
             Frozen to death by an endoplasm (5 damage)
             ... on level 1 of the Dungeon.
             The game lasted 00:00:15 (313 turns).

frimble the Grasshopper (Octopode Warper)            Turns: 313, Time: 00:00:16

Health: -3/19      AC:  1    Str: 10    XL:     2   Next: 12%
Magic:  5/5        EV: 13    Int: 15    God:
Gold:   9          SH:  0    Dex: 11    Spells: 5/5 levels left

rFire   . . .      SeeInvis .   a - +0 short sword
rCold   . . .      Faith    .   (no shield)
rNeg    . . .      Spirit   .   (helmet restricted)
rPois   .          Reflect  .   (no amulet)
rElec   .          Harm     .   (no ring)
rCorr   .          Rampage  .   (no ring)
Will    .....                   (no ring)
Stlth   +++.......              (no ring)
HPRegen 0.06/turn               (no ring)
MPRegen 0.09/turn               (no ring)
                                (no ring)
                                (no ring)

@: no status effects
A: almost no armour, amphibious, 8 rings, camouflage 1, gelatinous body 1,
(nimble swimmer 1), tentacles
a: no special abilities


You were on level 1 of the Dungeon.
You visited 1 branch of the dungeon, and saw 1 of its levels.

You collected 9 gold pieces.

Inventory:

Hand Weapons
 a - a +0 short sword (weapon)
Missiles
 c - 5 boomerangs of dispersal (quivered)
Scrolls
 b - a scroll of blinking
 d - a scroll of magic mapping {unknown}


   Skills:
 - Level 2.0 Fighting
 + Level 2.3 Short Blades
 - Level 1.0 Throwing
 - Level 2.3 Dodging
 + Level 1.6 Stealth
 - Level 2.0 Spellcasting
 - Level 3.0 Translocations


You had 5 spell levels left.
You didn't know any spells.
Your spell library contained the following spells:

 Spells                   Type           Power      Damage    Failure   Level
 Blink                    Tloc           N/A        N/A       10%         2
 Gell's Gravitas          Tloc           5%         N/A       19%         3
 Lesser Beckoning         Tloc           10%        N/A       19%         3
 Teleport Other           Tloc           10%        N/A       19%         3
 Manifold Assault         Tloc           10%        N/A       87%         5


Dungeon Overview and Level Annotations

Branches:
Dungeon (1/15)

Altars:


Innate Abilities, Weirdness & Mutations

You cannot wear most types of armour.
You are amphibious.
You can wear up to eight rings at the same time.
Your skin changes colour to match your surroundings (Stealth+).
Your rubbery body absorbs attacks. (AC +1, EV +1)
((You are camouflaged near water. (Stealth+)))
You have tentacles for arms and can constrict up to eight enemies at once.


Message History

The jackal is severely wounded.
The jackal closely misses you. x2; The jackal bites you.
The jackal barely misses you.
You hit the jackal.
You kill the jackal!
The jackal barely misses you. The endoplasm freezes you.
You are frozen.
You have reached level 2!
The jackal barely misses you. The jackal closely misses you.
The jackal closely misses you. The jackal bites you.
The endoplasm jiggles.
The jackal closely misses you.
You completely miss the jackal. Your grab misses the jackal.
The jackal closely misses you.
You closely miss the jackal. Your grab misses the jackal.
The jackal bites you. x2
* * * LOW HITPOINT WARNING * * *
You hit the jackal. Your grab misses the jackal.
The jackal is moderately wounded.
The jackal bites you.
* * * LOW HITPOINT WARNING * * *
You closely miss the jackal. You grab the jackal.
The jackal is moderately wounded.
You constrict the jackal, but do no damage.
The jackal closely misses you.
You barely miss the jackal.
The jackal is moderately wounded.
You constrict the jackal. The jackal bites you.
* * * LOW HITPOINT WARNING * * *
The jackal closely misses you.
You aren't carrying any potions.
You hit the jackal.
You kill the jackal!
You hit the endoplasm.
The endoplasm is almost dead.
The endoplasm freezes you.
You are frozen.
You die...

#.#... ..# . .#..#
#.# ..#...# #.#
..#...# #.# #....#
#.#
.#.†..######.###
...†...........#
...!##.........####
.... #........gJ@.#
.... #........J##.#
.... +.........# .#
.... ###....#### .#
.... #......# .#
...# ####÷#.# .#
#.#.# .# +#
#.#.###.# .#
#.......#


You could see 2 endoplasms and a goblin.

Vanquished Creatures
  2 endoplasms (D:1)
  3 jackals (D:1)
  2 bats (D:1)
  A rat (D:1)
8 creatures vanquished.

Notes
Turn   | Place    | Note
-------+----------+-------------------------------------------
     0 | D:1      | frimble the Octopode Warper began the quest for the Orb.
     0 | D:1      | Reached XP level 1. HP: 14/14 MP: 3/3
    83 | D:1      | Reached skill level 1 in Stealth
   295 | D:1      | Reached XP level 2. HP: 10/19 MP: 5/5
   313 | D:1      | Frozen to death by an endoplasm

Illustrated notes

Levels and vault maps discovered:
D:1:      nagdon_arrival_zigzag_paths, layout_loops_corners,
          basic_ecumenical_altar, amethyst_killhole, hangedman_decor_peaks_small

Skill      XL: |  1 |
---------------+----+-----
Stealth        | 1 |  1.6
Fighting       | |  2.0
Short Blades   | |  2.3
Throwing       | |  1.0
Dodging        | |  2.3
Spellcasting   | |  2.0
Translocations | |  3.0

Action                   || total
-------------------------++-------
Melee: Short sword       ||    25
       Constrict         ||     4
       Tentacles         ||     3
Armor: Skin              ||     1
Dodge: Dodged            ||    24

Table legend: (Time is in decaauts)
 A = Elapsed time spent in this place.
 B = Non-inter-level travel time spent in this place.
 C = Inter-level travel time spent in this place.
 D = Time resting spent in this place.
 E = Time spent auto-exploring this place.
 F = Levels seen in this place.
 G = Mean time per level.
                   A        B        C        D        E       F      G
               +--------+--------+--------+--------+--------+-----+--------+
         Total |    312 |    312 |      0 |      0 |    262 |   1 |  312.0 |
       Dungeon |    312 |    312 |      0 |      0 |    262 |   1 |  312.0 |
               +--------+--------+--------+--------+--------+-----+--------+

Top non-repeatable levels by time:
     D:1: 312 daAuts
